 Dungeon Crawl Stone Soup version 0.20.0-8-g6b59dc7 (webtiles) character file.

124 Hasart the Skirmisher (level 5, -3/37 HPs)
             Began as an Octopode Fighter on May 30, 2017.
             Slain by a phantom (5 damage)
             ... on level 4 of the Dungeon.
             The game lasted 00:04:40 (2684 turns).

Hasart the Skirmisher (Octopode Fighter)            Turns: 2684, Time: 00:04:41

Health: -3/37      AC:  1    Str: 15    XL:     5   Next: 8%
Magic:  6/6        EV: 12    Int: 10    God:
Gold:   163        SH:  9    Dex: 13    Spells: 4/4 levels left

rFire    . . .     SeeInvis .   a - +0 trident
rCold    . . .     Gourm    .   b - +0 shield
rNeg     . . .     Faith    .   (helmet restricted)
rPois    .         Spirit   .   (no amulet)
rElec    .         Reflect  .   f - ring of protection from magic
rCorr    .         Harm     .   (no ring)
MR       +....                  (no ring)
Stlth    ++........             (no ring)
Regen    0.2/turn               (no ring)
MPRegen  0.1/turn               (no ring)
                                (no ring)
                                (no ring)

@: no status effects
A: almost no armour, stealthy swim, amphibious, 8 rings, constrict 8, camouflage
1, gelatinous body 1
a: no special abilities


You were on level 4 of the Dungeon.
You were hungry.

You visited 1 branch of the dungeon, and saw 4 of its levels.

You collected 163 gold pieces.

Inventory:

Hand Weapons
 a - a +0 trident (weapon)
Armour
 b - a +0 shield (worn)
Jewellery
 f - a ring of protection from magic (left tentacle)
Wands
 k - a wand of polymorph (19/24)
 n - a wand of digging (8/24)
 t - a wand of confusion (37/48)
Scrolls
 e - 3 scrolls of identify {unknown}
 i - 4 scrolls of remove curse {unknown}
 m - a scroll of magic mapping {unknown}
 o - a scroll of recharging {unknown}
 q - a scroll of amnesia {unknown}
 r - a scroll of fog {unknown}
 s - a scroll of enchant weapon {unknown}
Potions
 c - 2 potions of might
 g - a potion of heal wounds {unknown}
 h - 2 potions of lignification {unknown}
 j - 2 potions of brilliance {unknown}
 p - 2 potions of agility {unknown}
Comestibles
 d - 2 bread rations
 l - 2 meat rations


   Skills:
 + Level 3.7 Fighting
 * Level 3.0 Polearms
 + Level 3.5 Dodging
 + Level 3.6 Shields
 * Level 1.6 Evocations


You had 4 spell levels left.
You didn't know any spells.

Dungeon Overview and Level Annotations

Branches:
Dungeon (4/15)
 Temple: D:4-7

Altars:
The Shining One

Annotations:
D:2 2 transporters


Innate Abilities, Weirdness & Mutations

You cannot wear most types of armour.
You are very stealthy in the water. (Stealth+)
You are amphibious.
You can wear up to eight rings at the same time.
You can use your tentacles to constrict eight enemies at once.
Your skin changes colour to match your surroundings (Stealth+).
Your rubbery body absorbs attacks. (AC +1, EV +1)


Message History

You squeeze the phantom, but do no damage.
The phantom is severely damaged.
The phantom barely misses you. x2
You hit the phantom.
The phantom is almost destroyed.
The phantom blinks!
The phantom blinks!
The phantom blinks!
You closely miss the phantom.
The phantom is almost destroyed.
The phantom closely misses you.
You barely miss the phantom. Your squeeze misses the phantom.
The phantom is almost destroyed.
The phantom hits you!
* * * LOW HITPOINT WARNING * * *
You block the phantom's attack.
You closely miss the phantom. Your squeeze misses the phantom.
The phantom is almost destroyed.
The phantom hits you.
You die...

# .....# #. ##.... #...
#..#..... #...# #..#....#
#...# ##.......### #...#
#.......... .
##...#####......W.# ...
................@.###.....
..........................
..................###.....
##...#####.........# ...
#...# #.........# # #...#
##(.......# #...#
####.###.# ###### #...#
#.....##...... ##.##
####.#.........


You could see a phantom.

Vanquished Creatures
  A gnoll (D:1)
  4 adders
  2 oozes
  3 worms
  A dart slug (D:1)
  4 leopard geckos
  2 orcs
  2 giant cockroaches
  6 goblins
  4 hobgoblins
  4 kobolds
  A quokka (D:3)
  4 ball pythons
  7 bats
  A frilled lizard (D:3)
  13 rats
59 creatures vanquished.

Notes
Turn   | Place    | Note
-------+----------+-------------------------------------------
     0 | D:1      | Hasart the Octopode Fighter began the quest for the Orb.
     0 | D:1      | Reached XP level 1. HP: 16/16 MP: 1/1
    71 | D:1      | Reached XP level 2. HP: 11/21 MP: 2/2
   784 | D:1      | Reached XP level 3. HP: 26/26 MP: 3/3
  1194 | D:2      | Found a transporter.
  1195 | D:2      | Found a glowing golden altar of the Shining One.
  1225 | D:2      | Found a transporter.
  1688 | D:2      | Reached XP level 4. HP: 20/32 MP: 4/4
  2177 | D:3      | Reached skill level 1 in Evocations
  2321 | D:3      | Reached XP level 5. HP: 37/37 MP: 6/6
  2629 | D:4      | Noticed a phantom
  2684 | D:4      | Slain by a phantom

Skill      XL: |  1  2  3  4 |
---------------+-------------+-----
Evocations     | 1 |  1.6
Polearms       | 3 |  3.0
Fighting       | |  3.7
Dodging        | |  3.5
Shields        | |  3.6

Action                   |  1- 3 |  4- 6 || total
-------------------------+-------+-------++-------
Melee: Trident           |    64 |    91 ||   155
       Constrict         |    16 |    13 ||    29
       Tentacles         |     7 |    15 ||    22
 Stab: Sleeping          |     2 |     7 ||     9
  Eat: Chunk             |     2 |     3 ||     5
Armor: Skin              |     4 |     2 ||     6
Dodge: Dodged            |    16 |    30 ||    46
Block: Shield            |    20 |    23 ||    43
